 Dungeon Crawl Stone Soup version 0.29.1-2-gbd0b4ee654 (webtiles) character file.

Game seed: 278197580909743820

11144 Hadkhar the Covert (level 12, -9/100 HPs)
             Began as a Formicid Monk on Nov 9, 2022.
             Was a Priest of Ru.
             Mangled by a seven-headed hydra (11 damage)
             ... on level 8 of the Dungeon on Nov 10, 2022.
             The game lasted 01:09:18 (10902 turns).

Hadkhar the Covert (Formicid Monk)                 Turns: 10902, Time: 01:09:18

Health: -9/100     AC: 19    Str: 27    XL:     12   Next: 4%
Magic:  12/12      EV:  8    Int: 10    God:    Ru [***...]
Gold:   823        SH:  0    Dex: 22    Spells: 11/11 levels left

rFire   . . .      SeeInvis +   c - +6 quarterstaff (chaos)
rCold   . . .      Faith    .   (no shield)
rNeg    . . .      Spirit   .   f - +2 plate armour
rPois   .          Reflect  .   (helmet unavailable)
rElec   .          Harm     .   p - +0 cloak
rCorr   .          Rampage  .   (no gloves)
Will    +....                   s - +0 pair of boots
Stlth   +.........              a - amulet of regeneration
HPRegen 1.06/turn               m - +6 ring of dexterity
MPRegen 0.13/turn               v - +6 ring of strength

@: unable to read
A: permanent stasis, dig shafts and tunnels, antennae 3, inability to read after
injury 2, inability to train dodging, no conjurations magic, no poison magic, no
transmutations magic, four strong arms
a: Dig, Shaft Self, Renounce Religion, Draw Out Power


You were on level 8 of the Dungeon.
You worshipped Ru.
Ru was most pleased with you.
You visited 1 branch of the dungeon, and saw 9 of its levels.
You also visited: Ossuary.

You collected 823 gold pieces.

Inventory:

Hand Weapons
 c - a +6 quarterstaff of chaos (weapon)
 D - a +0 arbalest
Missiles
 h - 3 boomerangs of dispersal
 n - 17 poisoned darts (quivered)
 x - 6 atropa-tipped darts
 A - 2 boomerangs
 E - 6 javelins
Armour
 d - a +3 leather armour of poison resistance
 f - a +2 plate armour (worn)
 p - a +0 cloak (worn)
 s - a +0 pair of boots (worn)
Jewellery
 a - an amulet of regeneration (around neck)
 m - a +6 ring of dexterity (left hand)
 v - a +6 ring of strength (right hand)
 B - a ring of resist corrosion
Wands
 q - a wand of quicksilver (7)
 C - a wand of roots (7)
Scrolls
 e - 2 scrolls of summoning
 g - a scroll of amnesia {unknown}
 i - 2 scrolls of immolation {unknown}
 j - 3 scrolls of poison
 l - a scroll of butterflies {unknown}
 r - 2 scrolls of noise {unknown}
 t - a scroll of torment {unknown}
 u - a scroll of fear {unknown}
 w - a scroll of silence {unknown}
 y - 2 scrolls of teleportation {unknown}
 F - a scroll of vulnerability {unknown}
 H - 2 scrolls of magic mapping {unknown}
Potions
 b - 2 potions of degeneration {unknown}
 k - 3 potions of brilliance
 o - 7 potions of mutation
 z - 2 potions of magic
 I - 2 potions of curing


   Skills:
 + Level 11.4 Fighting
 - Level 4.3 Axes
 + Level 5.2 Throwing
 + Level 10.8 Armour
 + Level 13.0 Stealth


You had 11 spell levels left.
You didn't know any spells.
Your spell library contained the following spells:

 Spells                   Type           Power      Damage    Failure   Level
 Sublimation of Blood     Necr           0%         N/A       99%         2
 Animate Armour           Summ/Erth      0%         N/A       100%        4
 Agony                    Necr           0%         N/A       100%        5
 Silence                  Hex/Air        0%         N/A       100%        5
 Simulacrum               Ice/Necr       0%         N/A       100%        6
 Summon Hydra             Summ           0%         N/A       100%        7
 Borgnjor's Revivificati  Necr           0%         N/A       100%        8
 Death's Door             Necr           0%         N/A       100%        9
 Polar Vortex             Ice            0%         N/A       100%        9
 Sting                    Tmut/Pois      Unusable   1d3       N/A         1
 Wereblood                Tmut           Unusable   N/A       N/A         2
 Dazzling Flash           Conj/Hex       Unusable   N/A       N/A         3
 Ignite Poison            Fire/Tmut/Pois Unusable   N/A       N/A         3
 Mephitic Cloud           Conj/Pois/Air  Unusable   N/A       N/A         3
 Stone Arrow              Conj/Erth      Unusable   3d7       N/A         3
 Freezing Cloud           Conj/Ice/Air   Unusable   6-21      N/A         5
 Eringya's Noxious Bog    Tmut/Pois      Unusable   N/A       N/A         6
 Statue Form              Tmut/Erth      Unusable   N/A       N/A         6
 Lehudib's Crystal Spear  Conj/Erth      Unusable   10d2      N/A         8
 Necromutation            Tmut/Necr      Unusable   N/A       N/A         8

Dungeon Overview and Level Annotations

Branches:
Dungeon (9/15)             Temple (0/1) D:4            Lair (0/5) D:9
Ossuary (visited)
    Orc: D:9-12

Altars:
Ashenzari
Cheibriados
Dithmenos
Hepliaklqana
Makhleb
Okawaru
Ru
Vehumet


Innate Abilities, Weirdness & Mutations

You cannot be hasted, slowed, berserked, paralysed or teleported.
You can dig through walls and to a lower floor.
You have a pair of large antennae on your head. (SInv)
You sometimes lose the ability to read scrolls when taking damage.
You cannot train Dodging skill.
You cannot study or cast Conjurations magic.
You cannot study or cast Poison magic.
You cannot study or cast Transmutations magic.
Your four strong arms can wield two-handed weapons with a shield.


Message History

* * * LOW HITPOINT WARNING * * *
The seven-headed hydra bites you but does no damage. x2
The seven-headed hydra bites you.
* * * LOW HITPOINT WARNING * * *
The grasping roots constrict the seven-headed hydra.
The roots release their grip on the seven-headed hydra.
You sock the seven-headed hydra!
The seven-headed hydra is severely wounded.
The seven-headed hydra bites you but does no damage. x2
The seven-headed hydra bites you.
* * * LOW HITPOINT WARNING * * *
The seven-headed hydra bites you but does no damage.
The seven-headed hydra bites you.
* * * LOW HITPOINT WARNING * * *
The seven-headed hydra bites you but does no damage. x2
You feel better.
The seven-headed hydra bites you but does no damage.
The seven-headed hydra barely misses you. x2
The seven-headed hydra bites you but does no damage.
The seven-headed hydra bites you!
* * * LOW HITPOINT WARNING * * *
The seven-headed hydra bites you.
* * * LOW HITPOINT WARNING * * *
The seven-headed hydra bites you but does no damage.
You feel better.
The seven-headed hydra bites you but does no damage. x3
The seven-headed hydra bites you.
* * * LOW HITPOINT WARNING * * *
The seven-headed hydra bites you but does no damage. x2
The seven-headed hydra bites you!
* * * LOW HITPOINT WARNING * * *
You sock the seven-headed hydra! You freeze the seven-headed hydra.
The seven-headed hydra is almost dead.
The seven-headed hydra is stunned by your conviction and fails to attack.
The seven-headed hydra bites you but does no damage. x2
The seven-headed hydra bites you!
* * * LOW HITPOINT WARNING * * *
The seven-headed hydra bites you but does no damage.
The seven-headed hydra bites you!
You die...

♣♣♣.#.....#.♣♣♣#..)#........#...#
♣....##.##....♣#.###.#.....##..##
################).........####.#
.#................#.......# ###
####..............##......# #
#.........##..........## #
###.##......#...........#
#.......##..#...)......##
#...........#.@D......##
##...#.....##..>....#.#
##.##....###....#.#### ###.....#
#...#### ###...# ##..# ##..# #.##
#### ###


You could see a seven-headed hydra (agile, corona).

Vanquished Creatures
  A centaur warrior (D:8)
  A two-headed ogre (D:8)
  Pikel (D:8)
  An ugly thing (D:8)
  2 cyclopes (D:8)
  Joseph (D:9)
  A black mamba (shapeshifter) (D:8)
  A kobold demonologist (D:9)
  A komodo dragon (shapeshifter) (D:7)
  3 hornets (D:8)
  A slime creature (D:8)
  A shadow (D:8)
  2 wyverns (D:8)
  8 yaks
  4 steam dragons
  The ghost of barott the Trooper, an amateur GrFi (D:3)
  A warg (D:9)
  3 water moccasins
  An ice beast (D:8)
  5 orc warriors
  A black bear (D:8)
  4 centaurs
  A kobold brigand (D:8)
  4 phantoms
  5 bullfrogs
  3 necrophages
  2 gnoll sergeants
  3 scorpions
  A wight (D:8)
  8 killer bees (D:8)
  A vampire bat (D:4)
  A howler monkey (D:9)
  3 jellies
  2 gnoll boudas
  2 orc priests
  Crazy Yiuf (D:3)
  3 hounds
  4 iguanas
  7 orc wizards
  8 mummies (Ossuary)
  15 gnolls
  6 adders
  A white imp (D:7)
  2 ufetubi
  A worm (D:3)
  3 fire bats (D:4)
  30 orcs
  2 spectral bats (D:4)
  4 ball pythons (D:4)
  3 bat skeletons (D:4)
  A bat zombie (D:4)
  3 endoplasms
  4 giant cockroaches
  2 goblins
  8 hobgoblins
  7 jackals
  12 kobolds
  5 quokkas
  15 bats
  A bat simulacrum (D:4)
  12 frilled lizards (D:1)
  A hobgoblin zombie (Ossuary)
  2 kobold zombies (Ossuary)
  5 orc zombies (Ossuary)
  2 rats (D:1)
251 creatures vanquished.

Vanquished Creatures (collateral kills)
  A bat (D:4)
1 creature vanquished.

Vanquished Creatures (others)
  A two-headed ogre (D:8)
  A hornet (D:8)
  A wyvern (D:8)
  A yak (D:9)
  A gnoll (D:5)
  A white imp (D:8)
  4 orcs
  2 ball python zombies (D:4)
  17 plants
29 creatures vanquished.

Grand Total: 281 creatures vanquished

Notes
Turn   | Place    | Note
-------+----------+-------------------------------------------
     0 | D:1      | Hadkhar the Formicid Monk began the quest for the Orb.
     0 | D:1      | Reached XP level 1. HP: 18/18 MP: 1/1
    40 | D:1      | Found a faded altar of an unknown god.
   138 | D:1      | Reached XP level 2. HP: 17/24 MP: 2/2
   471 | D:1      | Reached skill level 1 in Armour
   811 | D:1      | Reached XP level 3. HP: 26/29 MP: 3/3
  1513 | D:2      | Reached skill level 3 in Stealth
  1513 | D:2      | Reached XP level 4. HP: 14/37 MP: 4/4
  2455 | D:3      | Found a sacrificial altar of Ru.
  2455 | D:3      | Found a snail-covered altar of Cheibriados.
  2458 | D:3      | Reached XP level 5. HP: 42/42 MP: 5/5
  2554 | D:3      | Became a worshipper of Ru the Awakened
  2564 | D:3      | Got the Spellbook of Mercurial Toxicity
  2565 | D:3      | Gained mutation: You occasionally lose the ability to read
                  | scrolls when taking damage. [Ru sacrifice]
  2565 | D:3      | Gained mutation: You sometimes lose the ability to read
                  | scrolls when taking damage. [Ru sacrifice]
  2565 | D:3      | Reached * piety under Ru
  2604 | D:3      | Found a runed translucent door.
  2627 | D:3      | Noticed barott's ghost (amateur GrFi)
  2660 | D:3      | Found a radiant altar of Vehumet.
  2940 | D:3      | Found a runed translucent door.
  2947 | D:3      | Noticed Crazy Yiuf
  3181 | D:3      | You fall into a shaft and drop 3 floors!
  3203 | D:5      | Entered Level 5 of the Dungeon
  3223 | D:5      | Noticed a water moccasin
  3260 | D:5      | Killed a water moccasin
  3261 | D:5      | Reached skill level 4 in Stealth
  3261 | D:5      | Reached XP level 6. HP: 40/49 MP: 6/6
  3935 | D:3      | Killed Crazy Yiuf
  4172 | D:3      | Killed barott's ghost
  4173 | D:3      | Reached skill level 5 in Fighting
  4173 | D:3      | Reached skill level 5 in Stealth
  4173 | D:3      | Reached XP level 7. HP: 26/56 MP: 7/7
  4463 | D:4      | Found a staircase to the Ecumenical Temple.
  4501 | D:4      | Found a burning altar of Makhleb.
  5336 | D:5      | Reached skill level 6 in Stealth
  5336 | D:5      | Reached XP level 8. HP: 32/64 MP: 8/8
  5723 | D:5      | Gained mutation: You cannot study or cast Poison magic. [Ru
                  | sacrifice]
  5723 | D:5      | Gained mutation: You cannot study or cast Transmutations
                  | magic. [Ru sacrifice]
  5723 | D:5      | Gained mutation: You cannot study or cast Conjurations
                  | magic. [Ru sacrifice]
  5723 | D:5      | Reached ** piety under Ru
  5825 | D:5      | Found a hazy altar of Hepliaklqana.
  5865 | D:5      | Reached skill level 5 in Armour
  6530 | D:5      | Reached skill level 7 in Stealth
  7075 | D:6      | Reached XP level 9. HP: 72/72 MP: 9/9
  7268 | D:6      | Found a shadowy altar of Dithmenos.
  7379 | D:6      | Reached skill level 8 in Stealth
  7736 | D:7      | Noticed a glowing shapeshifter
  7736 | D:7      | a gnoll changed into a glowing shapeshifter
  7736 | D:7      | a glowing shapeshifter changed into a culicivora
  7737 | D:7      | Found a sand-covered staircase.
  7739 | D:7      | Noticed a yaktaur
  7739 | D:7      | a culicivora changed into a yaktaur
  7740 | D:7      | Noticed a komodo dragon
  7740 | D:7      | a yaktaur changed into a komodo dragon
  7747 | D:7      | Killed a komodo dragon
  7768 | Ossuary  | Entered an ossuary
  8010 | D:7      | Found an iron altar of Okawaru.
  8014 | D:7      | Reached skill level 9 in Stealth
  8015 | D:7      | Found a broken altar of Ashenzari.
  8656 | D:8      | Reached XP level 10. HP: 82/82 MP: 10/10
  8736 | D:8      | Reached skill level 10 in Stealth
  8736 | D:8      | Noticed a guardian serpent
  8738 | D:8      | Noticed a centaur warrior
  8745 | D:8      | Noticed a two-headed ogre
  8751 | D:8      | Noticed a red ugly thing
  8752 | D:8      | Killed a centaur warrior
  8756 | D:8      | Noticed a komodo dragon
  8827 | D:8      | Gained mutation: You cannot train Dodging skill. [Ru
                  | sacrifice]
  8827 | D:8      | Reached *** piety under Ru
  8951 | D:8      | Killed a red ugly thing
  8952 | D:8      | Reached skill level 11 in Stealth
  9094 | D:8      | Noticed a two-headed ogre
  9109 | D:8      | Reached skill level 1 in Throwing
  9119 | D:8      | HP: 3/127 [two-headed ogre/+0 giant club (10)]
  9120 | D:8      | Killed a two-headed ogre
  9121 | D:8      | Reached skill level 10 in Fighting
  9317 | D:8      | Reached XP level 11. HP: 59/91 MP: 11/11
  9398 | D:8      | Killed a two-headed ogre
  9421 | D:8      | Reached skill level 10 in Armour
  9421 | D:8      | Reached skill level 12 in Stealth
  9448 | D:8      | Noticed a cyclops
  9558 | D:8      | Killed a cyclops
  9811 | D:8      | Noticed a cyclops
  9831 | D:8      | Killed a cyclops
 10272 | D:8      | Noticed Pikel
 10285 | D:8      | Killed Pikel
 10690 | D:9      | Reached skill level 5 in Throwing
 10764 | D:9      | Noticed Joseph
 10793 | D:9      | Killed Joseph
 10794 | D:9      | Reached XP level 12. HP: 37/100 MP: 12/12
 10861 | D:9      | Found a staircase to the Lair.
 10886 | D:9      | Reached skill level 13 in Stealth
 10887 | D:9      | Noticed a seven-headed hydra
 10902 | D:8      | HP: 2/100 [seven-headed hydra (11)]
 10902 | D:8      | Mangled by a seven-headed hydra

Illustrated notes

Levels and vault maps discovered:
D:1:      minmay_arrival_cross, layout_basic, basic_ecumenical_altar,
          minivault_5, palyth_stone_intersect, minmay_lizard_pond
D:2:      layout_rooms, mrwooster_statue_mirror, minmay_tetromino_o2
D:3:      layout_basic, marbit_many_paths,
          chequers_temple_overflow_statue_of_worship,
          ebering_ghost_reflecting_pool, minivault_11,
          nicolae_underground_beach, uniq_crazy_yiuf_cottage
D:4:      layout_loops_corners, kennysheep_little_box,
          minmay_temple_entry_mini_moons, goddamned_bats
D:5:      layout_basic, kennysheep_mini_moat
D:6:      layout_basic, grunt_dithmenos_smoke
D:7:      layout_loops_ring, mainiacjoe_overflow_catwalk_spiral, enter_ossuary_5
D:8:      nzn_winding_woodlands_stair_cross
          [nzn_winding_woodlands_5x15_lazy_stream,
          nzn_winding_woodlands_center_garden,
          nzn_winding_woodlands_5x15_sidewinder,
          nzn_winding_woodlands_5x5_checkerboard,
          nzn_winding_woodlands_hourglass,
          nzn_winding_woodlands_5x15_split_checker,
          nzn_winding_woodlands_center_pierced_h,
          nzn_winding_woodlands_5x15_twine], layout_cave_pools, uniq_pikel
D:9:      layout_basic, erik_lair_orcish_takeover, uniq_joseph

Skill      XL: |  1  2  3  4  5  6  7  8  9 10 11 12 |
---------------+-------------------------------------+-----
Armour         | 1 2 3 4 6 7 9 10 | 10.8
Stealth        | 3 4 5 6 7 9 11 12 13 | 13.0
Fighting       | 4 5 7 8 10 11 | 11.4
Axes           | 4 |  4.3
Dodging        | 0 |  0.0
Throwing       | 2 5 |  5.2

Action                   |  1- 3 |  4- 6 |  7- 9 | 10-12 || total
-------------------------+-------+-------+-------+-------++-------
Melee: Hand axe          |   123 |   147 |       |       ||   270
       Punch             |     1 |     1 |     4 |     9 ||    15
       Quarterstaff      |       |    10 |   314 |   321 ||   645
 Fire: Arbalest          |       |       |       |     6 ||     6
Throw: Dart              |       |       |       |     4 ||     4
Invok: Sacrifice Words   |       |     1 |       |       ||     1
       Sacrifice Arcana  |       |       |     1 |       ||     1
       Sacrifice Nimblen |       |       |       |     1 ||     1
 Abil: Dig               |     1 |       |     1 |     1 ||     3
Evoke: Wand              |       |       |       |     1 ||     1
  Use: Potion            |       |     1 |     2 |     6 ||     9
       Scroll            |       |     4 |     8 |     5 ||    17
 Stab: Sleeping          |     3 |     4 |    13 |       ||    20
       Distracted        |       |     1 |     4 |     3 ||     8
       Paralysed         |       |     6 |       |       ||     6
       Invisible         |       |     2 |     2 |     3 ||     7
       Confused          |       |       |       |     2 ||     2
Armor: Robe              |     6 |       |       |       ||     6
       Leather armour    |    34 |    48 |   125 |       ||   207
       Plate armour      |       |       |    61 |   267 ||   328
       Skin              |       |       |       |     2 ||     2
Dodge: Dodged            |    90 |    97 |   305 |   165 ||   657
